← All builds
Beach sea / Cortex / Economy first / OBSERVED BUILD

Standard beach sea

The role's usual play: com goes to sea to build a shipyard around 2 minutes, pumping frigates and destroyers to contest enemy sea entry or hold vision, with an advanced metal extractor around 10 minutes as the transition into the team's…

Usually shipyard first (94%)

#naval #eco · 797 distinct matches · 106 players · 84% of Cortex Beach sea games · team won 55% of 860 · Recently observed

HOW TO PLAY IT

Key timing: Shipyard by 1:57

  1. Open 3 mex and wind while com heads straight to sea.
  2. Drop Shipyard fast, before 2:00, to seize early sea presence.
  3. Push "frigate" out to contest enemy sea entry or hold vision.
  4. Add "destroyer" as the fleet grows.
  5. Transition into Advanced Metal Extractor to catch up on eco.

Phase by phase

TYPICAL OF ITS 797 GAMES
  1. 1
  2. 2
  3. 3
PLAY THE OPENING

Follow the example game's first 6:00 step by step: what to build now, what comes next, and where it goes. At 1× it keeps pace with your own game.

  1. 1

    Up to the Shipyard

    Economy
    • Metal Extractor3Mex
    • Wind Turbine3Windfor allies
    • Wind Turbine2Wind
    • Energy Storage1Energy storage
    Order
    1. ShipyardShipyard after 3 mex, 2 wind, 1 energy storagedone ~1:57, middle half 1:45–2:08

    By 1:41 in all: 3 mex · 2 wind · 1 energy storage

    The example game in this phase · 3 steps
    1. Mex ×3
    2. Wind
    3. ShipyardShipyarddone 1:17 · typical 1:57
  2. 2

    Shipyard to 5:00

    Economy
    • Metal Extractor5Mex
    • Tidal Generator2Tidal
    Builders
    • Construction Ship2 Con ship
    Army
    • Riptide2 Frigate
    • Herring1 Missile corvette
    • Oppressor1 Destroyer
    Other
    • Naval Radar / Sonar Tower1 Naval Radar / Sonar Tower

    Some games also: Urchin (43%) · wind (40%) · submarine (39%) · gunboat (36%) · con turret (35%)

    By 5:00 in all: 8 mex · 3 wind · 2 tidal · 1 energy storage

    The example game in this phase · 27 steps
    1. Solar
    2. HerringMissile corvette
    3. Solar
    4. Construction ShipCon ship
    5. Solar
    6. Tidal ×2
    7. SupporterGunboat ×2
    8. Mex
    9. SupporterGunboat
    10. Mex
    11. SupporterGunboat
    12. Construction ShipCon ship
    13. Mex
    14. SupporterGunboat ×2
    15. Mex
    16. SupporterGunboat
    17. Naval Radar / Sonar TowerNaval Radar / Sonar Tower
    18. SupporterGunboat ×2
    19. Mex
    20. SupporterGunboat ×3
    21. Construction ShipCon ship
    22. OrcaSubmarinedone 4:42
    23. Mex
    24. ShipyardShipyarddone 5:12
    25. SupporterGunboat ×2
    26. Mex
    27. SupporterGunboat
  3. 3

    5:00 to 10:00

    Economy
    • Metal Extractor1Mex
    • Wind Turbine10Wind
    Builders
    • Death Cavalry1 Death Cavalry
    • Construction Ship1 Con ship
    Army
    • Urchin1 Urchin
    • Riptide5 Frigate
    • Oppressor2 Destroyer
    • Herring2 Missile corvette
    Other
    • Naval Radar / Sonar Tower1 Naval Radar / Sonar Tower

    Some games also: Naval Construction Turret (48%) · Guard (47%) · Radar Tower (40%) · tidal (38%) · con turret (35%)

    By 10:00 in all: 9 mex · 12 wind · 4 wind · 4 tidal · 1 energy storage · 1 Naval Construction Turret

    The example game in this phase · 101 steps
    1. Death CavalryDeath Cavalry
    2. SupporterGunboat ×2
    3. Naval Radar / Sonar TowerNaval Radar / Sonar Tower
    4. BeamerBeamer
    5. SupporterGunboat
    6. Tidal
    7. SupporterGunboat
    8. Tidal
    9. SupporterGunboat ×2
    10. Naval Energy Storage
    11. SupporterGunboat
    12. Naval Construction Turret
    13. SupporterGunboat
    14. Mex
    15. OrcaSubmarine
    16. BeamerBeamer
    17. OppressorDestroyerdone 7:46 · typical 5:10
    18. Tidal
    19. Naval Hovercraft PlatformNaval Hovercraft Platformdone 7:55
    20. Mex
    21. Tidal
    22. BeholderBeholder
    23. Tidal
    24. BeholderBeholder
    25. Tidal
    26. Radar TowerRadar Tower
    27. MangonelHover rocket bot
    28. Tidal
    29. MangonelHover rocket bot
    30. HerringMissile corvette
    31. Tidal
    32. BeholderBeholder
    33. MangonelHover rocket bot
    34. NettleNettle
    35. Tidal
    36. HerringMissile corvette
    37. MangonelHover rocket bot
    38. Tidal
    39. OppressorDestroyer
    40. GoonGoon
    41. Wind
    42. GoonGoon
    43. Advanced Metal ExtractorT2 mexdone 10:18 · typical 9:57
    44. GoonGoon
    45. Wind
    46. GoonGoon
    47. OppressorDestroyer
    48. GoonGoon ×2
    49. Wind
    50. GoonGoon ×6
    51. Wind
    52. GoonGoon ×3
    53. Advanced Metal ExtractorT2 mex
    54. GoonGoon ×2
    55. Wind
    56. GoonGoon ×7
    57. Wind
    58. GoonGoon ×7
    59. Wind
    60. Tidal
    61. GoonGoon
    62. Naval Construction Turret
    63. Tidal
    64. GoonGoon
    65. Tidal
    66. Naval Construction Turret
    67. Wind
    68. GoonGoon
    69. Advanced Metal ExtractorT2 mex
    70. Tidal
    71. GoonGoon
    72. Seaplane PlatformSeaplane Platformdone 12:07
    73. Tidal
    74. GoonGoon
    75. Tidal
    76. GoonGoon
    77. Wind
    78. Tidal
    79. GoonGoon ×2
    80. Dam BusterSeaplane bomber
    81. GoonGoon
    82. Wind
    83. Dam BusterSeaplane bomber ×2
    84. BatSeaplane fighter
    85. Wind
    86. BatSeaplane fighter ×2
    87. Dam BusterSeaplane bomber
    88. Wind
    89. Dam BusterSeaplane bomber ×3
    90. Wind
    91. Dam BusterSeaplane bomber ×2
    92. Wind
    93. Dam BusterSeaplane bomber ×2
    94. Wind
    95. Dam BusterSeaplane bomber ×2
    96. Wind
    97. Dam BusterSeaplane bomber ×2
    98. Tidal
    99. Dam BusterSeaplane bomber
    100. Wind
    101. Tidal

Counts are medians over the build's games: half of them build more, half fewer. The example game is SuperKitowiec's (44 OS, 28/09/2026); pick another.

Team trades

IN AT LEAST 30% OF ITS GAMES

You hand over

  • Wind Turbine3 Wind to Airfirst at 1:52 · in 78% of games

You get

  • Finch1 Finch from Airfirst at 1:58 · in 82% of games
  • Lazarus1 Lazarus from Geofirst at 2:14 · in 62% of games
  • Hephaestus1 Heavy transport from Airfirst at 2:16 · in 68% of games
  • Construction Bot1 Con bot from Geofirst at 2:27 · in 69% of games
  • Hercules1 Light transport from Airfirst at 2:33 · in 32% of games
  • Advanced Construction Bot1 T2 con bot from Techfirst at 8:09 · in 88% of games

How it plays out

Typical game of this build, running totals by minute

Metal produced

010k20k30k
0:005:0010:0015:00

metal

Enemy metal destroyed

05k10k
0:005:0010:0015:00

metal

Own metal lost

02.5k5k7.5k
0:005:0010:0015:00

metal

860 games.

Show as table
ByMetal produced: This buildEnemy metal destroyed: This buildOwn metal lost: This build
1:0040300
2:0093700
3:00156700
4:0025252150
5:003701197100
6:005033535253
7:0064791089590
8:00807318231036
9:00968328441610
10:001158939952337
11:001381552163090
12:001635861623828
13:001916272054613
14:002195883165726
15:002496293126596
WHAT THE NUMBERS SAY

Standard Beach sea wins more than Geo sea's 50% and gets its Shipyard up faster, using early sea access before falling behind on land resources.

  • + Shipyard finishes by 1:57, faster than Geo sea's 3:18
  • + 54% team win rate beats the Cortex geo sea baseline
  • − Metal produced trails Geo sea's Cortex build, 24356 vs 28451 by 15:00
  • − T2 factory only lands in 35% of games by 12:42
THE EXAMPLE YOU ARE READING

SuperKitowiec

44.1 OS · 28/09/2026

Open source match ↗

4 received units · includes a constructor
1233 metal received · 67314 energy received

Allied construction assistance is unknown. Timings are observations, not a promise of solo reproducibility.

Typical milestones

Shipyard1:57Middle 50%: 1:45–2:08 · n=858
Riptide3:52Middle 50%: 3:16–4:34 · n=846
Oppressor5:10Middle 50%: 4:13–6:08 · n=831
Advanced Metal Extractor9:57Middle 50%: 9:16–10:53 · n=731

Played most by

EpicTyrannus83games of this buildDamsko66games of this buildWaboum64games of this buildPRO_HYDRA58games of this buildMrCoolPotato51games of this build